 Dungeon Crawl Stone Soup version 0.27-a0-1431-gcffa5a9b16 (webtiles) character file.

Game seed: 10213322890023671130

65 lmSkywalker the Digger (level 3, -1/28 HPs)
             Began as a Draconian Earth Elementalist on July 2, 2021.
             Was a Believer of Wu Jian.
             Slain by Sigmund (6 damage)
             ... on level 3 of the Dungeon.
             The game lasted 00:10:55 (2621 turns).

lmSkywalker the Digger (DrEE)                       Turns: 2621, Time: 00:10:55

Health: -1/28      AC:  5    Str: 10    XL:     3   Next: 94%
Magic:  6/6        EV: 12    Int: 16    God:    Wu Jian [**....]
Gold:   59         SH:  0    Dex: 11    Spells: 6/7 levels left

rFire    + . .     SeeInvis .   g - +0 whip
rCold    . . .     Faith    .   (no shield)
rNeg     . . .     Spirit   .   (armour unavailable)
rPois    .         Reflect  .   (helmet restricted)
rElec    .         Harm     .   (no cloak)
rCorr    .         Rampage  .   (no gloves)
Will     .....                  (no boots)
Stlth    +.........             (no amulet)
HPRegen  0.09/turn              i - ring of protection from fire
MPRegen  0.10/turn              (no ring)

@: confused
A: AC +5, unfitting armour, cold-blooded
a: Renounce Religion, Wall Jump


You were on level 3 of the Dungeon.
You worshipped Wu Jian.
Wu Jian was pleased with you.
You visited 1 branch of the dungeon, and saw 3 of its levels.

You collected 77 gold pieces.
You spent 18 gold pieces at shops.

Inventory:

Hand Weapons
 g - a +0 whip (weapon)
 m - a +3 flail
Missiles
 b - 113 stones
 c - 31 poisoned darts
 k - a throwing net
Magical Staves
 d - a staff of poison
Jewellery
 i - a ring of protection from fire (left hand)
Scrolls
 e - a scroll of amnesia {unknown}
 h - a scroll of immolation {unknown}
 l - a scroll of teleportation {unknown}
Potions
 a - a potion of invisibility {unknown}
 f - 2 potions of flight {unknown}


   Skills:
 + Level 1.5 Fighting
 + Level 2.3 Dodging
 - Level 1.7 Stealth
 + Level 2.5 Spellcasting
 + Level 1.8 Transmutations
 + Level 3.4 Earth Magic


You had 6 spell levels left.
You knew the following spells:

 Your Spells              Type           Power      Damage    Failure   Level
a - Sandblast             Erth           24%        2d8       4%          1

Your spell library contained the following spells:

 Spells                   Type           Power      Damage    Failure   Level
 Passwall                 Tmut/Erth      8%         N/A       10%         2
 Stone Arrow              Conj/Erth      14%        3d7       28%         3
 Petrify                  Tmut/Erth      10%        N/A       54%         4
 Lee's Rapid Deconstruct  Erth           6%         3d7*      80%         5


Dungeon Overview and Level Annotations

Branches:
Dungeon (3/15)

Altars:
Wu Jian
Xom

Shops:
D:1 ((![

Annotations:
D:3 Sigmund


Innate Abilities, Weirdness & Mutations

Your plain brown scales are hard. (AC +5)
You cannot fit into any form of body armour.
You are cold-blooded and may be slowed by cold attacks.


Message History

m - a +3 flail
Found 9 gold pieces.
You now have 59 gold pieces (gained 9).
As you open the door, it creaks loudly!
You hear a shout!
There is an open door here.
Found a shimmering altar of Xom.
Sigmund the Dreaded comes into view.
He is wielding a +0 scythe.
Sigmund shouts!
Sigmund gestures wildly while chanting.
Sigmund flickers and vanishes!
Deactivating autopickup; reactivate with Ctrl-A.
Found 11 gold pieces.
Something tries to affect you, but you resist.
There is an open door here.
You are confused.
You are more confused.
You're too confused to move!
A magic dart appears from out of thin air!
The magic dart hits you.
You're too confused to move!
A magic dart appears from out of thin air!
The magic dart hits you.
You hear some strange, mumbled words.
A puff of flame appears from out of thin air!
The puff of flame hits you. You resist.
You feel less confused. Something hits you but does no damage.
As you read the scroll of fog, it crumbles to dust.
The scroll dissolves into smoke.
You hear some strange, mumbled words.
A puff of flame appears from out of thin air!
The puff of flame hits you. You resist.
* * * LOW HITPOINT WARNING * * *
You barely miss something.
You hear some strange, mumbled words.
You are confused.
You're too confused to move!
Something hits you.
* * * LOW HITPOINT WARNING * * *
Something hits you.
You die...

##.............# #.......
##...#######.## ##.>.... #.....#
##+## ##..... ###.#.#.# ##...##
##...# ##...#.#.# ##.....##
#####.##
#......#.###.....§.######.###.#
##......#.##.§§§§§..§PP##...##.#
...........+.§§§§§.P§§.........#
###.....#.##.§§§@§.§§§P.#...#.##
##......###.§§{§.§PP.§##.##.#
#.###### ##.§§§.##########.# #.#
##...## #.# #.. ##'## #.# ###
#.# #.# . #.# #.# #.# #...#


There were no monsters in sight!

Vanquished Creatures
  2 adders
  6 bats
  5 endoplasms
  3 goblins
  6 hobgoblins
  3 jackals (D:2)
  3 quokkas
  2 ball pythons
  7 frilled lizards
  7 kobolds
  4 rats (D:1)
48 creatures vanquished.

Notes
Turn   | Place    | Note
-------+----------+-------------------------------------------
     0 | D:1      | lmSkywalker the Draconian Earth Elementalist began the
                  | quest for the Orb.
     0 | D:1      | Reached XP level 1. HP: 14/14 MP: 3/3
   118 | D:1      | Found Wech's Weapon Shop.
   126 | D:1      | Bought 15 stones for 18 gold pieces
   170 | D:1      | Found a faded altar of an unknown god.
   410 | D:1      | Became a worshipper of the Wu Jian Council
   410 | D:1      | Reached * piety under Wu Jian
   443 | D:1      | Found Bihodd's Distillery.
   455 | D:1      | Reached XP level 2. HP: 16/22 MP: 5/5
   535 | D:1      | Found Niuli's Antique Armour Shop.
   570 | D:1      | You fall into a shaft and drop 1 floor!
   981 | D:1      | Found Koruc's Antique Weapon Boutique.
  1005 | D:1      | Reached skill level 1 in Fighting
  1371 | D:2      | Reached XP level 3. HP: 21/28 MP: 2/6
  1531 | D:2      | Reached ** piety under Wu Jian
  2600 | D:3      | Found a shimmering altar of Xom.
  2601 | D:3      | Noticed Sigmund
  2621 | D:3      | Slain by Sigmund

Illustrated notes

Levels and vault maps discovered:
D:1:      heliophobic_arrival_henge, layout_loops_cross, basic_ecumenical_altar,
          serial_shops, nicolae_shop_trees, shop, nicolae_shop_window_shopping,
          shop
D:2:      minmay_inner_zag, layout_rooms, minmay_misc_feat_five
D:3:      layout_loops_corners, amcnicky_altar_gilded, serial_undead,
          serial_undead_b, serial_undead_b, serial_undead_b, serial_undead_f,
          serial_undead_d, minmay_crystal_water,
          minmay_fractal_squares_diagonal_5, uniq_sigmund

Skill      XL: |  1  2 |
---------------+-------+-----
Dodging        | 2 |  2.3
Fighting       | 1 |  1.5
Stealth        | |  1.7
Spellcasting   | |  2.5
Transmutations | |  1.8
Earth Magic    | |  3.4

Action                   || total
-------------------------++-------
Melee: Club              ||    51
       Tailslap          ||    16
       Whip              ||   128
 Cast: Sandblast         ||     9
Invok: Lunge             ||    16
       Whirlwind         ||    37
  Use: Scroll            ||     2
 Stab: Sleeping          ||     4
Armor: Skin              ||    54
Dodge: Dodged            ||   129

Table legend: (Time is in decaauts)
 A = Elapsed time spent in this place.
 B = Non-inter-level travel time spent in this place.
 C = Inter-level travel time spent in this place.
 D = Time resting spent in this place.
 E = Time spent auto-exploring this place.
 F = Levels seen in this place.
 G = Mean time per level.
                   A        B        C        D        E       F      G
               +--------+--------+--------+--------+--------+-----+--------+
         Total |   2644 |   2602 |     42 |    852 |    928 |   3 |  881.3 |
       Dungeon |   2644 |   2602 |     42 |    852 |    928 |   3 |  881.3 |
               +--------+--------+--------+--------+--------+-----+--------+

Top non-repeatable levels by time:
     D:1: 1227 daAuts
     D:2: 1060 daAuts
     D:3: 357 daAuts
